 Dungeon Crawl Stone Soup version 0.31-a0-265-gcf7e37af1d (webtiles) character file.

Game seed: 2524534648558283537

135 qw the Shooter (level 5, -1/30 HPs)
             Began as a Gargoyle Hexslinger on July 13, 2023.
             Slain by an adder (3 damage)
             ... on level 4 of the Dungeon.
             The game lasted 00:00:58 (2751 turns).

qw the Shooter (Gargoyle Hexslinger)                Turns: 2751, Time: 00:00:58

Health: -1/30      AC:  9    Str: 12    XL:     5   Next: 18%
Magic:  6/6        EV: 10    Int: 13    God:
Gold:   163        SH:  0    Dex: 14    Spells: 5/6 levels left

rFire   . . .        Y - +2 sling
rCold   . . .        (no shield)
rNeg    + . .        c - +0 ring mail
rPois   inf          (no helmet)
rElec   +            (no cloak)
rCorr   .            (no gloves)
SInv    .            (no boots)
Will    .....        (no amulet)
Stlth   +            (no ring)
HPRegen 0.25/turn    (no ring)
MPRegen 0.10/turn

%: no passive effects
@: about to teleport
A: sickness immunity, AC +4, negative energy resistance 1, electricity
resistance, torment resistance 1, petrification resistance
a: no special abilities


You were on level 4 of the Dungeon.
You visited 1 branch of the dungeon, and saw 4 of its levels.

You collected 163 gold pieces.


Innate Abilities, Weirdness & Mutations

You are immune to sickness and miasma.
Your stone body is resilient. (AC +4)
You are immune to poison.
You resist negative energy. (rN+)
You are resistant to electric shocks. (rElec)
You are resistant to unholy torment.
You are immune to petrification.


   Skills:
 - Level 2.0 Fighting
 + Level 4.5 Ranged Weapons
 - Level 1.6 Armour
 - Level 1.5 Dodging
 - Level 1.0 Spellcasting
 - Level 2.6 Hexes


You had 5 spell levels left.
You knew the following spells:

 Your Spells              Type           Power      Damage    Failure   Level
a - Slow                  Hex            28%        N/A       21%         1

Your spell library contained the following spells:

 Spells                   Type           Power      Damage    Failure   Level
 Inner Flame              Hex/Fire       4%         N/A       71%         3
 Portal Projectile        Hex/Tloc       8%         N/A       71%         3
 Cause Fear               Hex            3%         N/A       90%         4

Inventory:

Hand Weapons
 Y - a +2 sling (weapon)
Armour
 c - a +0 ring mail (worn)
Scrolls
 b - 2 scrolls of identify
 e - a scroll of teleportation
Potions
 a - a potion of attraction {unknown}
 d - a potion of magic {unknown}
 f - a potion of heal wounds {unknown}
 h - a potion of invisibility {unknown}
 i - a potion of curing {unknown}
 k - a potion of haste {unknown}

Dungeon Overview and Level Annotations

Branches:
Dungeon (4/15)
 Temple: D:4-7

Altars:
Elyvilon
Qazlal


Message History

The magic dart hits you! The adder bites you. The orc wizard barely misses you.
You feel less confused. The adder closely misses you.
The orc wizard hits you with a +0 dagger.
The adder bites you.
You shoot a sling bullet.
The sling bullet barely misses the orc wizard.
The adder bites you.
The orc wizard hits you with a +0 dagger.
You shoot a sling bullet.
The sling bullet hits the orc wizard but does no damage.
The orc wizard is heavily wounded.
The adder bites you.
The orc wizard hits you but does no damage.
The adder closely misses you.
The orc wizard hits you but does no damage.
You shoot a sling bullet. The sling bullet hits the orc wizard.
The orc wizard is severely wounded.
The adder barely misses you.
The orc wizard hits you but does no damage.
The adder bites you but does no damage.
You shoot a sling bullet.
The sling bullet closely misses the orc wizard.
The adder bites you.
The orc wizard gestures wildly while chanting.
The orc wizard flickers and vanishes!
Deactivating autopickup; reactivate with Ctrl-A.
2749 ||| READING 2 scrolls of teleportation.
As you read the scroll of teleportation, it crumbles to dust.
You feel strangely unstable. The adder bites you.
Something hits you but does no damage. The adder bites you but does no damage.
You shoot a sling bullet. The sling bullet misses the adder.
Something hits you. The adder bites you but does no damage.
Something hits you but does no damage.
You shoot a sling bullet. The sling bullet hits the adder.
The adder is lightly wounded.
The adder bites you.
You die...

#.....%.......
#....<..~~..#
#.......~~..#
#.......~...#
######...~..#
##.....#
#.....#
##.....#
#...S@.#
#...{#.#
#.!..#.#
.......#.#
.......#.#
.........#
...#.....#
...+.....#


You could see an adder.

Vanquished Creatures
  A jelly (D:4)
  3 adders
  An ufetubus (D:3)
  2 worms (D:3)
  A dart slug (D:1)
  4 orcs (D:3)
  6 bats
  3 endoplasms
  3 giant cockroaches (D:1)
  8 goblins
  6 hobgoblins
  4 jackals (D:1)
  4 quokkas
  5 ball pythons
  2 frilled lizards (D:1)
  2 kobolds (D:1)
  2 rats (D:2)
  A spectral goblin (D:2)
58 creatures vanquished.

Notes
Turn   | Place    | Note
-------+----------+-------------------------------------------
     0 | D:1      | qw the Gargoyle Hexslinger began the quest for the Orb.
     0 | D:1      | Reached XP level 1. HP: 12/12 MP: 2/2
     0 | D:1      | 0 ||| qw: Version: 0.3-a-52-g30416fa
     0 | D:1      | 0 ||| qw: Game counter: 7610
     0 | D:1      | 0 ||| qw: Melee chars always use a shield: true
     0 | D:1      | 0 ||| qw: God list: Okawaru
     0 | D:1      | 0 ||| qw: Allow faded altars: false
     0 | D:1      | 0 ||| qw: Do Orc after clearing Dungeon:15 true
     0 | D:1      | 0 ||| qw: Do second Lair branch before Depths: true
     0 | D:1      | 0 ||| qw: Lair rune preference: random
     0 | D:1      | 0 ||| qw: Goals: Normal
     0 | D:1      | 0 ||| PLANNING D:1-11
    56 | D:1      | HP: 1/12 [jackal (3)]
    61 | D:1      | HP: 1/12 [jackal (1)]
    65 | D:1      | Reached XP level 2. HP: 2/16 MP: 3/3
   162 | D:1      | Reached skill level 3 in Ranged Weapons
   515 | D:1      | Reached XP level 3. HP: 21/21 MP: 4/4
   828 | D:1      | 828 ||| UPGRADING to +0 leather armour.
   838 | D:1      | 838 ||| DROPPING +0 robe.
   839 | D:1      | 839 ||| READING scroll labelled KAPNUZ GOOVE.
   840 | D:1      | 840 ||| READING 2 scrolls labelled VEON WENWE.
   845 | D:1      | 845 ||| READING scroll labelled CEUR XODUXT.
   846 | D:1      | 846 ||| READING scroll labelled COR RORORAFOE.
   847 | D:1      | 847 ||| DROPPING scroll of poison.
   982 | D:2      | You fall into a shaft and drop 2 floors!
   983 | D:4      | 983 ||| DRINKING 2 ruby potions.
   984 | D:4      | 984 ||| DROPPING potion of brilliance.
   987 | D:4      | 987 ||| FLEEEEING.
   988 | D:4      | 988 ||| FLEEEEING.
   989 | D:4      | 989 ||| FLEEEEING.
   990 | D:4      | 990 ||| STAIRDANCE
  1019 | D:3      | Found a white marble altar of Elyvilon.
  1046 | D:3      | 1046 ||| READING scroll labelled GIDWOSADOE.
  1208 | D:2      | Found a faded altar of an unknown god.
  1390 | D:2      | Reached XP level 4. HP: 26/26 MP: 5/5
  1450 | D:2      | Reached skill level 4 in Ranged Weapons
  1990 | D:2      | 1990 ||| READING scroll labelled ZAMMIO GULLERI.
  1991 | D:2      | 1991 ||| READING 2 scrolls of identify.
  1991 | D:2      | 1991 ||| IDENTIFYING green potion
  1992 | D:2      | 1992 ||| DROPPING potion of berserk rage.
  2276 | D:3      | Found a stormy altar of Qazlal.
  2673 | D:3      | 2673 ||| UPGRADING to +0 ring mail.
  2683 | D:3      | 2683 ||| DROPPING +0 leather armour.
  2684 | D:3      | 2684 ||| READING scroll labelled DAECWU TO BEA.
  2700 | D:4      | Reached skill level 1 in Armour
  2700 | D:4      | Reached XP level 5. HP: 30/30 MP: 6/6
  2704 | D:4      | 2704 ||| STAIRDANCE
  2748 | D:4      | HP: 6/30 [adder (3)]
  2749 | D:4      | 2749 ||| READING 2 scrolls of teleportation.
  2750 | D:4      | HP: 1/30 [something (3)]
  2751 | D:4      | Slain by an adder

Levels and vault maps discovered:
D:1:      lightli_arrival_flooded_house, layout_loops_ring,
          minmay_misc_feat_tiny
D:2:      layout_basic, dreamdust_ecumenical_altar_drowned_temple, st_stairs_14
D:3:      layout_loops_ring, mainiacjoe_overflow_alcove_1,
          mainiacjoe_overflow_catwalk, minmay_crystal_room
D:4:      layout_basic, gammafunk_ghost_cemetery, chequers_serial_rivers_micro_c

Skill      XL: |  1  2  3  4 |
---------------+-------------+-----
Ranged Weapons | 3 4 |  4.5
Fighting       | 2 |  2.0
Armour         | 1 |  1.6
Dodging        | |  1.5
Spellcasting   | |  1.0
Hexes          | |  2.6

Action                     |  1- 3 |  4- 6 || total
---------------------------+-------+-------++-------
   Fire: Sling             |   134 |    95 ||   229
    Use: Scroll            |     5 |     4 ||     9
         Potion            |     1 |       ||     1
 Armour: Robe              |    32 |       ||    32
         Leather armour    |     5 |    16 ||    21
         Ring mail         |       |    24 ||    24
  Dodge: Dodged            |    73 |    48 ||   121

Table legend:
 A = Non-vault XP
 B = Vault XP
 C = Vault XP percentage of total XP
 D = Non-vault monster count
 E = Vault monster count
 F = Vault count percentage of total count
                 A         B        C        D         E       F
            +---------+---------+-------+---------+---------+-------
      Total |     190 |       3 |   1.6 |      56 |       2 |   3.4
            +---------+---------+-------+---------+---------+-------
        D:1 |      37 |       0 |   0.0 |      20 |       0 |   0.0
        D:2 |      58 |       3 |   4.9 |      19 |       2 |   9.5
        D:3 |      52 |       0 |   0.0 |      14 |       0 |   0.0
        D:4 |      43 |       0 |   0.0 |       3 |       0 |   0.0
            +---------+---------+-------+---------+---------+-------
